 Dungeon Crawl Stone Soup version 0.28.0 (webtiles) character file.

Game seed: 6726501737589134472

669 Host24 the Quickloader (level 7, -14/42 HPs)
             Began as a Kobold Hunter on Mar 11, 2022.
             Demolished by Ijyb (19 damage)
             ... on level 5 of the Dungeon.
             The game lasted 00:11:14 (4967 turns).

Host24 the Quickloader (Kobold Hunter)              Turns: 4967, Time: 00:11:14

Health: -14/42     AC: 12    Str: 11    XL:     7   Next: 89%
Magic:  7/7        EV: 15    Int: 13    God:
Gold:   219        SH:  0    Dex: 21    Spells: 4/6 levels left

rFire   . . .      SeeInvis .   a - +1 hand crossbow
rCold   . . .      Faith    .   (no shield)
rNeg    . . .      Spirit   .   c - +0 leather armour
rPois   .          Reflect  .   (no helmet)
rElec   .          Harm     .   s - +0 cloak
rCorr   .          Rampage  .   x - +0 pair of gloves
Will    .....                   f - +2 pair of boots
Stlth   +++.......              (no amulet)
HPRegen 0.14/turn               i - +4 ring of protection
MPRegen 0.10/turn               m - +6 ring of dexterity

@: no status effects
A: small, no large weapons, nightstalker 3
a: no special abilities


You were on level 5 of the Dungeon.
You visited 1 branch of the dungeon, and saw 5 of its levels.

You collected 219 gold pieces.

Inventory:

Hand Weapons
 a - a +1 hand crossbow (weapon)
 C - a +2 quarterstaff of chaos
 E - the +9 mace "Ultimatum" {flame, rPois}
   (You found it on level 2 of the Dungeon)

   It burns those it strikes, dealing additional fire damage.
   rPois:     It protects you from poison.
Missiles
 d - 5 bolts (quivered ammo)
 g - 99 stones
 j - 32 arrows
 n - 3 curare-tipped darts
 q - 3 poisoned darts
 r - 5 boomerangs
Armour
 c - a +0 leather armour (worn)
 f - a +2 pair of boots (worn)
 s - a +0 cloak (worn)
 x - a +0 pair of gloves (worn)
 D - a +0 cloak of stealth
Jewellery
 i - a +4 ring of protection (left hand)
 m - a +6 ring of dexterity (right hand)
 v - a ring of fire
Wands
 b - a wand of iceblast (9)
 y - a wand of digging (8)
Scrolls
 e - 6 scrolls of identify {unknown}
 h - 2 scrolls of noise {unknown}
 l - 2 scrolls of amnesia {unknown}
 p - a scroll of fog {unknown}
 t - a scroll of teleportation {unknown}
 u - a scroll of immolation {unknown}
 w - a scroll of torment {unknown}
Potions
 k - a potion of lignification {unknown}
 o - a potion of mutation {unknown}
 z - a potion of heal wounds {unknown}
 A - a potion of flight {unknown}
 B - a potion of haste {unknown}
 F - a potion of invisibility {unknown}
 G - a potion of ambrosia {unknown}


   Skills:
 + Level 3.9 Fighting
 - Level 10.0 Crossbows
 - Level 3.0 Dodging
 - Level 1.3 Stealth


You had 4 spell levels left.
You knew the following spells:

 Your Spells              Type           Power      Damage    Failure   Level
a - Wereblood             Tmut           0%         N/A       52%         2

Your spell library contained the following spells:

 Spells                   Type           Power      Damage    Failure   Level
 Magic Dart               Conj           0%         1d3       38%         1
 Sandblast                Erth           0%         2d4       38%         1
 Call Imp                 Summ           0%         N/A       52%         2
 Passwall                 Tmut/Erth      0%         N/A       52%         2
 Sublimation of Blood     Necr           0%         N/A       52%         2
 Mephitic Cloud           Conj/Pois/Air  0%         N/A       77%         3
 Stone Arrow              Conj/Erth      0%         3d7       77%         3
 Animate Armour           Summ/Erth      0%         N/A       99%         4
 Blade Hands              Tmut           0%         N/A       100%        5
 Iron Shot                Conj/Erth      0%         9d1       100%        6
 Summon Hydra             Summ           0%         N/A       100%        7


Dungeon Overview and Level Annotations

Branches:
Dungeon (5/15)
 Temple: D:4-7

Altars:
Fedhas
The Shining One

Shops:
D:1 [

Annotations:
D:3 3 runed translucent doors, da312102's ghost, amateur MiBe
D:4 2 transporters
D:5 Ijyb


Innate Abilities, Weirdness & Mutations

You are small and have problems with some larger weapons.
You are completely attuned to the shadows.


Message History

Press: ? - help, Q - select action, (/) - cycle Shift-Dir - straight line, f/p - Ijyb
Aim: Ijyb, wielding a +1 dagger of electrocution, wearing a +0 leather armour and carrying a wand of polymorph (8) (heavily wounded, berserk, 66% to hit)
You shoot a bolt. The bolt barely misses Ijyb.
Ijyb barely misses you. Ijyb closely misses you.
Fire: 10 bolts
Press: ? - help, Q - select action, (/) - cycle Shift-Dir - straight line, f/p - Ijyb
Aim: Ijyb, wielding a +1 dagger of electrocution, wearing a +0 leather armour and carrying a wand of polymorph (8) (heavily wounded, berserk, 66% to hit)
You shoot a bolt. The bolt hits Ijyb but does no damage.
Ijyb is heavily wounded.
Ijyb hits you but does no damage.
Fire: 9 bolts
Press: ? - help, Q - select action, (/) - cycle Shift-Dir - straight line, f/p - Ijyb
Aim: Ijyb, wielding a +1 dagger of electrocution, wearing a +0 leather armour and carrying a wand of polymorph (8) (heavily wounded, berserk, 66% to hit)
You shoot a bolt. The bolt barely misses Ijyb.
Ijyb misses you. Ijyb barely misses you.
Fire: 8 bolts
Press: ? - help, Q - select action, (/) - cycle Shift-Dir - straight line, f/p - Ijyb
Aim: Ijyb, wielding a +1 dagger of electrocution, wearing a +0 leather armour and carrying a wand of polymorph (8) (heavily wounded, berserk, 66% to hit)
You shoot a bolt. The bolt hits Ijyb but does no damage.
Ijyb is heavily wounded.
Ijyb barely misses you.
Fire: 7 bolts
Press: ? - help, Q - select action, (/) - cycle Shift-Dir - straight line, f/p - Ijyb
Aim: Ijyb, wielding a +1 dagger of electrocution, wearing a +0 leather armour and carrying a wand of polymorph (8) (heavily wounded, berserk, 66% to hit)
You shoot a bolt. The bolt hits Ijyb.
Ijyb is heavily wounded.
Ijyb hits you with a +1 dagger of electrocution. x2
Fire: 6 bolts
Press: ? - help, Q - select action, (/) - cycle Shift-Dir - straight line, f/p - Ijyb
Aim: Ijyb, wielding a +1 dagger of electrocution, wearing a +0 leather armour and carrying a wand of polymorph (8) (heavily wounded, berserk, 66% to hit)
You shoot a bolt. The bolt closely misses Ijyb.
Ijyb hits you but does no damage.
You are electrocuted!!
* * * LOW HITPOINT WARNING * * *
Okay, then.
Ijyb misses you.
Ijyb rages.
Ijyb hits you with a +1 dagger of electrocution.
* * * LOW HITPOINT WARNING * * *
You are electrocuted!!
You die...

..|.#.# ... ......# ..
#...### ####.### #...#
#....... ##
#...######........ .(.
............#.#..###...
.^............#..#.(...
.....[........#..#.#.(.
#...######.....†@#.#...
#...# ##...#..g....# ..
#......#.####
#...........
#.......#..#.
.......#..# ........


You could see Ijyb (berserk).

Vanquished Creatures
  2 ice beasts (D:5)
  A necrophage (D:4)
  A scorpion (D:4)
  An orc priest (D:4)
  A centaur zombie (D:5)
  A jelly (D:5)
  Crazy Yiuf (D:2)
  An iguana (D:5)
  An orc wizard (D:4)
  A hound zombie (D:5)
  A hound skeleton (D:4)
  6 adders
  An adder skeleton (D:4)
  A worm (D:4)
  2 dart slugs
  5 orcs (D:4)
  6 bats
  6 endoplasms
  A giant cockroach (D:1)
  6 goblins
  8 hobgoblins
  9 quokkas
  8 ball pythons
  4 frilled lizards
  5 kobolds
  6 rats
86 creatures vanquished.

Vanquished Creatures (others)
  17 plants (D:4)
17 creatures vanquished.

Grand Total: 103 creatures vanquished

Notes
Turn   | Place    | Note
-------+----------+-------------------------------------------
     0 | D:1      | Host24 the Kobold Hunter began the quest for the Orb.
     0 | D:1      | Reached XP level 1. HP: 12/12 MP: 1/1
    63 | D:1      | Reached skill level 5 in Crossbows
    98 | D:1      | Reached XP level 2. HP: 17/18 MP: 2/2
   228 | D:1      | Found a faded altar of an unknown god.
   238 | D:1      | Reached XP level 3. HP: 23/23 MP: 3/3
   584 | D:1      | Found Xutu's Armour Shop.
  1196 | D:2      | Reached XP level 4. HP: 28/28 MP: 4/4
  1255 | D:2      | Found a runed translucent door.
  1258 | D:2      | Noticed Crazy Yiuf
  1529 | D:2      | Reached skill level 6 in Crossbows
  2327 | D:3      | Found a blossoming altar of Fedhas.
  2333 | D:3      | Found a glowing golden altar of the Shining One.
  2608 | D:3      | Found a runed translucent gate.
  2609 | D:3      | Found a runed translucent gate.
  2610 | D:3      | Found a runed translucent gate.
  2874 | D:3      | Reached XP level 5. HP: 32/32 MP: 5/5
  3114 | D:3      | Noticed da312102's ghost (amateur MiBe)
  3209 | D:4      | Noticed a necrophage
  3217 | D:4      | Killed a necrophage
  3218 | D:4      | Reached skill level 7 in Crossbows
  3218 | D:4      | Reached XP level 6. HP: 37/37 MP: 6/6
  3299 | D:4      | Reached skill level 8 in Crossbows
  3430 | D:4      | Learned a level 2 spell: Wereblood
  3494 | D:4      | Found a transporter.
  3496 | D:4      | Found a transporter.
  3514 | D:4      | Noticed a small abomination
  4363 | D:5      | Entered Level 5 of the Dungeon
  4371 | D:5      | Noticed an ice beast
  4483 | D:2      | Killed Crazy Yiuf
  4491 | D:2      | Identified the +9 mace "Ultimatum" {flame, rPois}
  4647 | D:4      | Reached skill level 9 in Crossbows
  4647 | D:4      | Reached XP level 7. HP: 37/41 MP: 7/7
  4902 | D:5      | Reached skill level 10 in Crossbows
  4952 | D:5      | Noticed Ijyb
  4967 | D:5      | Demolished by Ijyb

Illustrated notes

Levels and vault maps discovered:
D:1:      minmay_arrival_glassed_features, layout_basic, serial_shops, shop,
          hellmonk_ecumenical_altar_pennies_from_heaven, minmay_misc_feat_tiny
D:2:      layout_basic, minmay_misc_feat_hallway,
          nicolae_concentric_dashed_squares_wild, kennysheep_generic_room_13,
          uniq_crazy_yiuf_cottage
D:3:      layout_loops_ring, grunt_temple_overflow_open, gammafunk_ghost_split,
          minmay_misc_feat_secret_circle
D:4:      wad_lake_hut, layout_cave_pools, gammafunk_ghost_abyssal_escape,
          serial_forest, infiniplex_forest_clump_diagonal,
          infiniplex_forest_lined_3, infiniplex_forest_corner_1,
          infiniplex_forest_end_double, infiniplex_forest_straight_2
D:5:      layout_loops_cross, mainiacjoe_overflow_small_starburst,
          dk_noncrumbling_4, uniq_ijyb

Skill      XL: |  1  2  3  4  5  6  7 |
---------------+----------------------+-----
Crossbows      | 5 6 7 9 10 | 10.0
Fighting       | 3 |  3.9
Dodging        | 3 |  3.0
Stealth        | |  1.3

Action                   |  1- 3 |  4- 6 |  7- 9 || total
-------------------------+-------+-------+-------++-------
Melee: Short sword       |   121 |   155 |       ||   276
       Punch             |     1 |     2 |     2 ||     5
       Mace              |       |     9 |    23 ||    32
 Fire: Hand crossbow     |     6 |    31 |    15 ||    52
 Stab: Sleeping          |    10 |    13 |     1 ||    24
Armor: Leather armour    |    64 |    42 |    11 ||   117
Dodge: Dodged            |   109 |   132 |    36 ||   277
